 Dungeon Sprint DCSS version 0.29-a0-789-g7a8fcbc185 (webtiles) character file.

Game seed: 12101393645913197913

915 mhtbhm the Unseen (level 7, -4/34 HPs)
             Began as a Spriggan Enchanter on July 2, 2022.
             Was an Initiate of Gozag.
             Killed by divine providence
             ... invoked by a meliai
              (13 damage)
             ... in the Dungeon (Sprint IX: "|||||||||||||||||||||||||||||").
             The game lasted 00:02:48 (746 turns).

mhtbhm the Unseen (Spriggan Enchanter)               Turns: 746, Time: 00:02:49

Health: -4/34      AC:  2    Str:  7    XL:     7   Next: 82%
Magic:  11/18      EV: 24    Int: 16    God:    Gozag
Gold:   378        SH:  0    Dex: 18    Spells: 8/19 levels left

rFire   . . .      SeeInvis +   a - +2 rapier (drain)
rCold   . . .      Faith    .   (no shield)
rNeg    . . .      Spirit   .   b - +0 robe
rPois   .          Reflect  .   (helmet restricted)
rElec   .          Harm     .   (no cloak)
rCorr   .          Rampage  .   (gloves unavailable)
Will    +....      NoTele   +   (boots unavailable)
Stlth   +++++++...              (no amulet)
HPRegen 0.11/turn               l - +3 ring of strength
MPRegen 0.16/turn               m - +2 ring of evasion

@: very quick
A: very small, no large weapons, unfitting armour, see invisible, speed 3
a: Renounce Religion, Potion Petition, Call Merchant, Bribe Branch


You were in the Dungeon.
You worshipped Gozag.
Gozag was aware of your devotion.
You visited 1 branch You collected 378 gold pieces.

Inventory:

Hand Weapons
 a - a +2 rapier of draining (weapon)
Armour
 b - a +0 robe (worn)
Jewellery
 l - a +3 ring of strength (left hand)
 m - a +2 ring of evasion (right hand)
Wands
 k - a wand of roots (3)
Scrolls
 i - 2 scrolls of blinking
 j - 2 scrolls of amnesia
Potions
 c - 2 potions of invisibility
 d - 4 potions of curing
 f - a potion of haste
 g - 4 potions of magic
 h - a potion of berserk rage


   Skills:
 + Level 1.8 Fighting
 + Level 7.1 Short Blades
 + Level 8.1 Dodging
 + Level 17.6 Stealth
 + Level 6.7 Spellcasting
 + Level 0.2 Conjurations
 + Level 9.1 Hexes
 + Level 0.9 Ice Magic
 + Level 2.6 Evocations


You had 8 spell levels left.
You knew the following spells:

 Your Spells              Type           Power      Damage    Failure   Level
a - Ensorcelled Hibernat  Hex/Ice        42%        N/A       2%          2
b - Confusing Touch       Hex            34%        N/A       1%          3
c - Tukima's Dance        Hex            34%        N/A       1%          3
d - Dazzling Flash        Conj/Hex       40%        N/A       5%          3

Your spell library contained the following spells:

 Spells                   Type           Power      Damage    Failure   Level


Dungeon Overview and Level Annotations

Branches:
Dungeon (1/1)

Altars:
Cheibriados
Dithmenos
Elyvilon
Fedhas
Gozag
Hepliaklqana
Kikubaaqudgha
Makhleb
Nemelex Xobeh
Okawaru
Qazlal
Ru
Sif Muna
Trog
Uskayaw
Vehumet
Wu Jian
Xom
Yredelemnul
Zin
The Shining One
Jiyva
Lugonu


Innate Abilities, Weirdness & Mutations

You are very small and have problems with some larger weapons.
You are too small for most types of armour.
You have supernaturally acute eyesight. (SInv)
You cover ground extremely quickly. (Speed+++)


Message History

* * * LOW HITPOINT WARNING * * *
You see here a +2 ring mail.
The boulder beetle curls into a ball and begins rolling!
You see here a +0 pair of boots.
You see here a +0 helmet.
Items here: )))))).
The boulder beetle stops rolling and uncurls.
Casting: Ensorcelled Hibernation (safe; 2% risk of failure)
Confirm with . or Enter, or press ? or * to list all spells.
Aiming: Ensorcelled Hibernation (safe; 2% risk of failure)
Press: ? - help, Shift-Dir - straight line, f/p - two-headed ogre
Aim: a two-headed ogre, wielding a +0 giant spiked club and a +0 giant club (chance to affect: 36%)
The two-headed ogre easily resists.
Unknown command.
There is an open door here.
There is a glowing golden altar of the Shining One here.
There is a glowing silver altar of Zin here.
Casting: Ensorcelled Hibernation (safe; 2% risk of failure)
Confirm with . or Enter, or press ? or * to list all spells.
Aiming: Ensorcelled Hibernation (safe; 2% risk of failure)
Press: ? - help, Shift-Dir - straight line, f/p - two-headed ogre
Aim: a two-headed ogre, wielding a +0 giant spiked club and a +0 giant club (chance to affect: 36%)
The two-headed ogre looks drowsy...
You feel much better.
The meliai mumbles some strange prayers to its god against you.
Something smites you!
The boulder beetle leaps!
There is a glowing golden altar of the Shining One here.
There is an open door here.
The meliai calls down the wrath of its god upon you.
Something smites you!
* * * LOW HITPOINT WARNING * * *
The boulder beetle leaps!
You barely miss the two-headed ogre.
The two-headed ogre shouts in stereo!
Unknown command.
The boulder beetle curls into a ball and begins rolling!
The meliai mumbles some strange prayers to its god against you.
Something smites you!
You die...
Your body crumbles into a pile of gold.

$
▓.▓
▓°▓
$
▓[▓
▓B▓
$
▓.▓
$
▓y▓
$
▓.▓
$
▓O▓
$
▓@▓
▓_▓
$
▓_▓
$
▓_▓
$
▓_▓
$
▓_▓
$
▓_▓
$
▓_▓
$
▓_▓


You could see a boulder beetle (rolling), a two-headed ogre and a meliai.

Vanquished Creatures
  An unseen horror (D)
  A vampire (D)
  A vampire mosquito (D)
  An ice beast (D)
  An orc warrior (D)
  A scorpion (D)
  A killer bee (D)
  A howler monkey (D)
  A hound (D)
  An ufetubus (D)
  An orc (D)
  A kobold (D)
  4 rats (D)
16 creatures vanquished.

Notes
Turn   | Place    | Note
-------+----------+-------------------------------------------
     0 | D        | mhtbhm the Spriggan Enchanter began the quest for the Orb.
     0 | D        | Reached XP level 1. HP: 9/9 MP: 5/5
    10 | D        | Reached skill level 5 in Stealth
    15 | D        | Noticed a hound
    15 | D        | Noticed an ice beast
    15 | D        | Noticed a scorpion
    31 | D        | Killed a scorpion
    32 | D        | Reached skill level 8 in Stealth
    32 | D        | Reached XP level 2. HP: 6/13 MP: 6/8
    32 | D        | Reached XP level 3. HP: 8/16 MP: 6/9
    35 | D        | Reached skill level 9 in Stealth
    35 | D        | Reached XP level 4. HP: 11/21 MP: 7/11
    43 | D        | Killed an ice beast
    44 | D        | Reached skill level 11 in Stealth
    44 | D        | Reached XP level 5. HP: 24/24 MP: 9/13
    58 | D        | Reached skill level 5 in Dodging
    58 | D        | Reached skill level 12 in Stealth
    58 | D        | Reached skill level 5 in Spellcasting
    67 | D        | Found a snail-covered altar of Cheibriados.
    67 | D        | Found a shadowy altar of Dithmenos.
    67 | D        | Found a white marble altar of Elyvilon.
    67 | D        | Found a blossoming altar of Fedhas.
    67 | D        | Found an opulent altar of Gozag.
    68 | D        | Found a hazy altar of Hepliaklqana.
    69 | D        | Found a viscous altar of Jiyva.
    70 | D        | Found an ancient bone altar of Kikubaaqudgha.
    71 | D        | Found a corrupted altar of Lugonu.
    72 | D        | Found a burning altar of Makhleb.
    73 | D        | Found a sparkling altar of Nemelex Xobeh.
    74 | D        | Found an iron altar of Okawaru.
    75 | D        | Became a worshipper of Gozag Ym Sagoz the Greedy
    79 | D        | Learned a level 2 spell: Ensorcelled Hibernation
    83 | D        | Learned a level 3 spell: Confusing Touch
    87 | D        | Learned a level 3 spell: Tukima's Dance
    91 | D        | Learned a level 3 spell: Dazzling Flash
    91 | D        | Found a stormy altar of Qazlal.
    92 | D        | Found a sacrificial altar of Ru.
    93 | D        | Found a shimmering blue altar of Sif Muna.
    94 | D        | Found a bloodstained altar of Trog.
    95 | D        | Found a hide-covered altar of Uskayaw.
    96 | D        | Found a radiant altar of Vehumet.
    97 | D        | Found an ornate altar of the Wu Jian Council.
    98 | D        | Found a shimmering altar of Xom.
    99 | D        | Found a basalt altar of Yredelemnul.
   100 | D        | Found a glowing silver altar of Zin.
   101 | D        | Found a glowing golden altar of the Shining One.
   136 | D        | Noticed an unseen horror
   136 | D        | Noticed a vampire
   136 | D        | Noticed a vampire mosquito
   136 | D        | Noticed an orc warrior
   138 | D        | Killed an orc warrior
   139 | D        | Reached skill level 13 in Stealth
   139 | D        | Reached XP level 6. HP: 28/28 MP: 15/15
   364 | D        | Killed a vampire mosquito
   365 | D        | Reached skill level 5 in Short Blades
   365 | D        | Reached skill level 15 in Stealth
   384 | D        | Reached skill level 16 in Stealth
   400 | D        | Killed a vampire
   401 | D        | Reached skill level 1 in Fighting
   401 | D        | Reached skill level 17 in Stealth
   401 | D        | Reached skill level 1 in Evocations
   401 | D        | Reached XP level 7. HP: 24/33 MP: 17/17
   426 | D        | Killed an unseen horror
   717 | D        | Noticed a cyclops
   717 | D        | Noticed a two-headed ogre
   717 | D        | Noticed a basilisk
   717 | D        | Noticed a meliai
   717 | D        | Noticed a boulder beetle
   717 | D        | Noticed a two-headed ogre
   746 | D        | Killed from afar by a meliai

Illustrated notes

Levels and vault maps discovered:
D:        linesprint [early_d, line_temple, items_1, d_10, items_2, lair_1,
          lair_end, items_3, orc_1, orc_end, items_4, d_15, swamp_1, shoals_1,
          snake_1, spider_1, d_20, vaults_1, items_5, swamp_end, shoals_end,
          snake_end, spider_end, vaults_end, d_27, items_6, zot_1, zot_end,
          crypt_end, forest_end, elf_end, slime_end, tomb_end, abyss_end,
          pan_hell_end]

Skill      XL: |  1  2  3  4  5  6  7 |
---------------+----------------------+-----
Hexes          | 6 7 8 9 |  9.1
Stealth        | 8 9 11 13 17 | 17.6
Spellcasting   | 4 5 6 |  6.7
Short Blades   | 2 3 4 6 7 |  7.1
Dodging        | 3 4 5 7 8 |  8.1
Fighting       | 1 |  1.8
Evocations     | 1 2 |  2.6
Conjurations   | |  0.2
Ice Magic      | |  0.9

Action                   |  1- 3 |  4- 6 |  7- 9 || total
-------------------------+-------+-------+-------++-------
Melee: Dagger            |    19 |    19 |       ||    38
       Rapier            |       |    15 |    10 ||    25
 Cast: Confusing Touch   |       |     1 |     1 ||     2
       Ensorcelled Hiber |       |       |     9 ||     9
       Dazzling Flash    |       |       |     2 ||     2
Evoke: Wand              |       |     6 |     1 ||     7
  Use: Potion            |     1 |     2 |     2 ||     5
 Stab: Sleeping          |     4 |     1 |     1 ||     6
       Invisible         |     4 |     1 |       ||     5
       Confused          |       |     1 |       ||     1
Armor: Robe              |       |     2 |     1 ||     3
Dodge: Dodged            |    12 |    23 |    11 ||    46

Table legend: (Time is in decaauts)
 A = Elapsed time spent in this place.
 B = Non-inter-level travel time spent in this place.
 C = Inter-level travel time spent in this place.
 D = Time resting spent in this place.
 E = Time spent auto-exploring this place.
 F = Levels seen in this place.
 G = Mean time per level.
                   A        B        C        D        E       F      G
               +--------+--------+--------+--------+--------+-----+--------+
         Total |    674 |    674 |      0 |    459 |      2 |   1 |  674.0 |
       Dungeon |    674 |    674 |      0 |    459 |      2 |   1 |  674.0 |
               +--------+--------+--------+--------+--------+-----+--------+

Top non-repeatable levels by time:
       D: 674 daAuts
